 Dungeon Crawl Stone Soup version 0.26-a0-21-gf97e55dc39 (webtiles) character file.

Game seed: 16594050550760562899, levelgen mode: deterministic

100 tilp the Skirmisher (level 5, 0/33 HPs)
             Began as a Kobold Arcane Marksman on May 26, 2020.
             Slain by a worker ant (5 damage)
             ... on level 4 of the Dungeon.
             The game lasted 00:05:12 (3567 turns).

tilp the Skirmisher (Kobold Arcane Marksman)        Turns: 3567, Time: 00:05:12

Health: 0/33       AC:  8    Str:  9    XL:     5   Next: 3%
Magic:  6/6        EV: 11    Int: 14    God:
Gold:   165        SH:  0    Dex: 15    Spells: 3/6 levels left

rFire    + . .     SeeInvis .   a - +0 hand crossbow
rCold    . . .     Gourm    .   (shield restricted)
rNeg     . . .     Faith    .   i - +0 scale mail
rPois    .         Spirit   .   r - +0 helmet
rElec    .         Reflect  .   (no cloak)
rCorr    .         Harm     .   (no gloves)
MR       .....                  q - +0 pair of boots
Stlth    ..........             u - amulet of magic regeneration (curse)
HPRegen  0.11/turn              k - ring of protection from fire
MPRegen  0.35/turn              (no ring)

@: no status effects
A: small, carnivore
a: no special abilities


You were on level 4 of the Dungeon.
You were very full.

You visited 1 branch of the dungeon, and saw 4 of its levels.

You collected 165 gold pieces.

Inventory:

Hand Weapons
 a - a +0 hand crossbow (weapon)
 b - a +0 war axe
 t - a +0 short sword
Missiles
 d - 29 bolts (quivered)
 e - 2 curare-tipped darts
Armour
 i - a +0 scale mail (worn)
 j - a +0 ring mail
 q - a +0 pair of boots (worn)
 r - a +0 helmet (worn)
Jewellery
 k - a ring of protection from fire (left hand)
 s - an uncursed ring of ice
 u - a cursed amulet of magic regeneration (around neck)
Scrolls
 f - 7 scrolls of teleportation
 m - a scroll of enchant weapon {unknown}
 n - a scroll of blinking
 o - a scroll of remove curse
 v - a scroll of identify
Potions
 h - a potion of stabbing {unknown}
 l - a potion of flight
 p - a potion of brilliance {unknown}
Comestibles
 c - 6 rations


   Skills:
 - Level 4.0 Fighting
 + Level 3.8 Crossbows
 - Level 2.4 Dodging
 - Level 1.1 Spellcasting
 - Level 3.0 Hexes


You had 3 spell levels left.
You knew the following spells:

 Your Spells              Type           Power        Failure   Level  Hunger
a - Corona                Hex            #......      54%         1    ##.....
b - Slow                  Hex            #.......     69%         2    ###....

Your spell library contained the following spells:

 Spells                   Type           Power        Failure   Level  Hunger
 Inner Flame              Hex/Fire       #.......     98%         3    ####...
 Portal Projectile        Hex/Tloc       #.....       98%         3    ####...
 Cause Fear               Hex            #.........   100%        4    #####..
 Leda's Liquefaction      Hex/Erth       #.........   100%        4    #####..


Dungeon Overview and Level Annotations

Branches:
Dungeon (4/15)
 Temple: D:4-7

Altars:

Annotations:
D:2 1 runed translucent door, Crazy Yiuf


Innate Abilities, Weirdness & Mutations

You are small and have problems with some larger weapons.
You are carnivorous and can eat meat at any time.


Message History

Press: ? - help, Shift-Dir - straight line, f/p - worker ant
Aim: a worker ant (almost dead)
You shoot a bolt. The bolt barely misses the worker ant.
* * * LOW HITPOINT WARNING * * *
You feel sick. The worker ant bites you.
* * * LOW HITPOINT WARNING * * *
The worker ant bites you.
* * * LOW HITPOINT WARNING * * *
You feel better. The worker ant bites you.
* * * LOW HITPOINT WARNING * * *
Unknown command.
Firing (i - inventory. (/) - cycle)
d - 30 bolts (quivered)
Press: ? - help, Shift-Dir - straight line, f/p - worker ant
Aim: a worker ant (almost dead)
You shoot a bolt. The bolt hits the worker ant.
The worker ant is almost dead.
The worker ant bites you.
* * * LOW HITPOINT WARNING * * *
The worker ant bites you.
You die...

.....##.#..#
...>.......#
.[....###.##
....?. #.# #.# #
....#. #.#### #.#
# #####.###....#
#.# ##........#
#.#
...........#######
#.#
#########(...a@..#
#.# #..#####.# #.#
#..# #.#####.##
#..# #........#
#######.#
#.######.##
........#####.#
#...######
#######.......#
#.........
#########
#...###### #####


You could see a worker ant.

Vanquished Creatures
  A slave (D:4)
  3 adders
  An ooze (D:1)
  An adder skeleton (D:4)
  A worm (D:2)
  2 dart slugs
  7 orcs (D:3)
  6 goblins
  7 hobgoblins
  A quokka (D:3)
  3 ball pythons (D:1)
  6 bats
  A frilled lizard (D:1)
  6 kobolds
  11 rats
57 creatures vanquished.

Notes
Turn   | Place    | Note
-------+----------+-------------------------------------------
     0 | D:1      | tilp the Kobold Arcane Marksman began the quest for the
                  | Orb.
     0 | D:1      | Reached XP level 1. HP: 12/12 MP: 2/2
   143 | D:1      | Reached skill level 2 in Fighting
   143 | D:1      | Reached XP level 2. HP: 15/17 MP: 0/3
   510 | D:1      | Reached skill level 3 in Fighting
   510 | D:1      | Reached XP level 3. HP: 22/23 MP: 4/4
  1149 | D:2      | Found a runed translucent door.
  1150 | D:2      | Noticed Crazy Yiuf
  1558 | D:2      | Found a faded altar of an unknown god.
  1595 | D:2      | Reached XP level 4. HP: 29/29 MP: 5/5
  1726 | D:2      | Reached skill level 4 in Fighting
  2002 | D:2      | Learned a level 2 spell: Slow
  3194 | D:4      | Reached XP level 5. HP: 33/33 MP: 6/6
  3297 | D:4      | Noticed a slave
  3320 | D:4      | Killed a slave
  3567 | D:4      | Slain by a worker ant

Illustrated notes

Levels and vault maps discovered:
D:1:      dpeg_arrival_radiant, layout_basic
D:2:      layout_basic, chequers_ecumenical_altar_island,
          uniq_crazy_yiuf_cottage
D:3:      layout_loops_corners
D:4:      layout_loops_ring, serial_shops, shop, uniq_pikel, uniq_blork_the_orc

Skill      XL: |  1  2  3  4 |
---------------+-------------+-----
Fighting       | 2 3 4 |  4.0
Crossbows      | 3 |  3.8
Dodging        | |  2.4
Spellcasting   | |  1.1
Hexes          | |  3.0

Action                   |  1- 3 |  4- 6 || total
-------------------------+-------+-------++-------
Melee: Short sword       |    61 |    21 ||    82
       War axe           |       |    24 ||    24
 Fire: Hand crossbow     |    50 |    56 ||   106
 Cast: Corona            |     2 |       ||     2
  Use: Scroll            |     3 |     4 ||     7
       Potion            |       |     1 ||     1
  Eat: Chunk             |    11 |     5 ||    16
Armor: Ring mail         |    26 |       ||    26
       Scale mail        |     3 |    42 ||    45
Dodge: Dodged            |    64 |    46 ||   110

Table legend:
 A = Non-vault XP
 B = Vault XP
 C = Vault XP percentage of total XP
 D = Non-vault monster count
 E = Vault monster count
 F = Vault count percentage of total count
                 A         B        C        D         E       F
            +---------+---------+-------+---------+---------+-------
      Total |     143 |       0 |   0.0 |      56 |       0 |   0.0
            +---------+---------+-------+---------+---------+-------
        D:1 |      44 |       0 |   0.0 |      25 |       0 |   0.0
        D:2 |      33 |       0 |   0.0 |      11 |       0 |   0.0
        D:3 |      48 |       0 |   0.0 |      18 |       0 |   0.0
        D:4 |      18 |       0 |   0.0 |       2 |       0 |   0.0
            +---------+---------+-------+---------+---------+-------
